AoeStats
← Green Assassin

Nomad

508045358Analyzed
4v4 RM · 11d ago on Sep 20, 2026· 47m 20s· 8 players
Game mode
Random Map
Map size
231×231
Population
200
Speed
Normal
Resources
Standard
Victory
Conquest
Starting age
Dark Age
Ending age
Imperial Age
RankedLock teamsTeams togetherTeam positionsShared explorationLock speedFull tech treeHidden civsTurbo modeCheats
Victory
Defeat
🇲🇽 Italians · Mexico
1208
+16
🇲🇽 Dravidians · Mexico
1175
+22
🇲🇹 Mongols · Malta
1170
+18
🇩🇪 Malay · Germany
1161
+18
🇪🇸 Ethiopians · Spain
1256
-20
🇪🇸 Mongols · Spain
1232
-18
🇪🇸 Tatars · Spain
1178
-16
🇪🇸 Berbers · Spain
1171
-16
RMXs | Arobledoz
5:08 Loom
12:08 Feudal Age
12:43 Double-Bit Axe
13:39 Wheelbarrow
20:28 Castle Age
23:29 Bow Saw
33:32 Town Watch
35:09 Gold Mining
40:49 Imperial Age
46:06 Two-Man Saw
47:25 Hand Cart
47:54 Padded Archer Armor
BulucChabtan4
4:42 Loom
14:02 Feudal Age
14:47 Double-Bit Axe
16:24 Fletching
23:19 Castle Age
23:12 Horse Collar
23:51 Crossbowman
24:28 Bodkin Arrow
24:33 Padded Archer Armor
25:05 Bow Saw
28:13 Town Watch
29:03 Wheelbarrow
30:55 Town Patrol
34:52 Hand Cart
38:39 Ballistics
39:11 Heavy Plow
43:11 Imperial Age
42:37 Thumb Ring
44:17 Leather Archer Armor
45:11 Bracer
45:32 Elite Elephant Archer
47:30 Chemistry
47:28 Gold Mining
proxxi
11:17 Loom
15:00 Feudal Age
15:43 Stone Mining
21:02 Castle Age
19:07 Double-Bit Axe
22:03 Fletching
22:13 Padded Archer Armor
22:26 Bow Saw
24:32 Wheelbarrow
34:55 Bodkin Arrow
36:17 Bloodlines
37:42 Husbandry
38:48 Leather Archer Armor
41:08 Horse Collar
43:07 Hand Cart
43:31 Town Watch
47:57 Imperial Age
Green Assassin
3:50 Loom
13:56 Feudal Age
19:03 Castle Age
17:01 Double-Bit Axe
20:54 Wheelbarrow
21:03 Forging
23:36 Iron Casting
25:42 Squires
25:27 Arson
28:31 Fishing Lines
34:10 Gillnets
35:08 Gold Mining
39:04 Imperial Age
38:57 Conscription
38:23 Capped Ram
38:45 Elite Karambit Warrior
40:52 Blast Furnace
45:00 Forced Levy
44:34 Man-at-Arms
SILES
4:02 Loom
13:39 Feudal Age
17:57 Castle Age
25:11 Fletching
29:32 Double-Bit Axe
36:47 Bodkin Arrow
40:09 Town Watch
44:23 Imperial Age
44:34 Imperial Age
43:06 Padded Archer Armor
[VPKT] MeelTex
6:56 Loom
13:39 Feudal Age
17:14 Wheelbarrow
21:11 Castle Age
21:31 Pikeman
25:04 Fletching
NitwoL
5:16 Loom
13:45 Feudal Age
21:03 Castle Age
21:05 Double-Bit Axe
21:12 Fletching
21:20 Crossbowman
22:36 Bodkin Arrow
23:27 Padded Archer Armor
25:29 Demolition Ship
29:56 Medium Warships
34:54 Wheelbarrow
VPKT malili
5:05 Loom
15:38 Feudal Age
20:04 Castle Age
21:50 Fletching
23:50 Bodkin Arrow
23:57 Padded Archer Armor
26:56 Leather Archer Armor
28:08 Wheelbarrow
27:19 Town Watch
32:36 Double-Bit Axe
34:00 Bow Saw
34:23 Gold Mining
34:44 Horse Collar
43:39 Imperial Age
47:08 Bracer
47:39 Ring Archer Armor
Connection lost

Rejoining the realm…

Still unreachable

The connection could not be restored.

Session expired

The server has moved on; the page needs a fresh start.